 Dungeon Crawl Stone Soup version 0.29-a0-82-g837932c90e (webtiles) character file.

Game seed: 3967445085989739688

70 Pin the Magician (level 4, -1/34 HPs)
             Began as a Djinni Air Elementalist on Feb 5, 2022.
             Slain by Sigmund (20 damage)
             ... on level 2 of the Dungeon.
             The game lasted 00:05:43 (2037 turns).

Pin the Magician (Djinni Air Elementalist)          Turns: 2037, Time: 00:05:43

Health: -1/34      AC:  2    Str:  7    XL:     4   Next: 44%
Gold:   25         EV: 12    Int: 18    God:
                   SH:  0    Dex: 14

rFire   + + .      SeeInvis .   (no weapon)
rCold   x . .      Faith    .   (no shield)
rNeg    . . .      Spirit   .   a - +0 robe
rPois   ∞          Reflect  .   (no helmet)
rElec   .          Harm     .   (no cloak)
rCorr   .          Rampage  .   (no gloves)
Will    .....                   (boots unavailable)
Stlth   ++........              (no amulet)
HPRegen 0.11/turn               (no ring)
MPRegen 0.00/turn               (no ring)

@: flying
A: sickness immunity, fire resistance 2, cold vulnerability 1, float, innate
caster, HP casting, extra vitality 1
a: no special abilities


You were on level 2 of the Dungeon.
You visited 1 branch of the dungeon, and saw 2 of its levels.

You collected 25 gold pieces.

Inventory:

Armour
 a - a +0 robe (worn)
Scrolls
 c - a scroll of magic mapping {unknown}
 d - a scroll of immolation {unknown}
 e - a scroll of noise {unknown}
 g - 3 scrolls of identify {unknown}
 h - 3 scrolls of fear {unknown}
 j - 2 scrolls of summoning {unknown}
 k - a scroll of blinking {unknown}
 l - a scroll of silence {unknown}
Potions
 b - a potion of berserk rage {unknown}
 f - a potion of degeneration {unknown}
 i - a potion of lignification {unknown}
 m - a potion of heal wounds {unknown}
 n - a potion of brilliance {unknown}


   Skills:
 * Level 2.4 Fighting
 + Level 2.4 Dodging
 - Level 1.5 Stealth
 * Level 3.1 Spellcasting


You couldn't memorise any spells.
You knew the following spells:

 Your Spells              Type           Power      Damage    Failure   Level
a - Shock                 Conj/Air       56%        1d6       4%          1
b - Static Discharge      Conj/Air       14%        N/A       7%          2
c - Swiftness             Air            14%        N/A       13%         3
d - Airstrike             Air            7%         N/A       41%         4
e - Magic Dart            Conj           56%        1d5       4%          1
Your spell library was empty.

Dungeon Overview and Level Annotations

Branches:
Dungeon (2/15)

Altars:

Annotations:
D:2 Sigmund


Innate Abilities, Weirdness & Mutations

You are immune to sickness and miasma.
You are immune to poison.
Your flesh is very heat resistant. (rF++)
You are vulnerable to cold. (rC-)
You float through the air rather than walking.
You learn spells naturally, not from books.
Your magical power is your life essence.
You have superior vitality. (+4 MHP)


Message History

The zap hits Sigmund.
Sigmund is heavily wounded.
The zap hits Sigmund.
Sigmund is heavily wounded.
Sigmund drinks a potion.
Sigmund flickers and vanishes!
Deactivating autopickup; reactivate with Ctrl-A.
Casting: Shock (safe; 4% risk of failure)
Confirm with . or Enter, or press ? or * to list all spells.
Aiming: Shock (safe; 4% risk of failure)
Press: ? - help, Shift-Dir - straight line Unknown command.
A bat comes into view.
The bat moves out of view.
You see here a +0 short sword.
A frilled lizard comes into view.
The zap hits the frilled lizard.
You kill the frilled lizard!
Something completely misses you.
Found a stone staircase leading up.
Found a stone staircase leading down.
A magic dart appears from out of thin air!
The magic dart hits you.
Casting: Shock (safe; 4% risk of failure)
Confirm with . or Enter, or press ? or * to list all spells.
You can't see any susceptible monsters within range! (Use Z to cast anyway.)
Casting: Shock (safe; 4% risk of failure)
Confirm with . or Enter, or press ? or * to list all spells.
Okay, then.
Casting: Shock (safe; 4% risk of failure)
Confirm with . or Enter, or press ? or * to list all spells.
Aiming: Shock (safe; 4% risk of failure)
Press: ? - help, Shift-Dir - straight line A puff of flame appears from out of thin air!
The puff of flame misses you.
Casting: Shock (safe; 4% risk of failure)
Confirm with . or Enter, or press ? or * to list all spells.
You can't see any susceptible monsters within range! (Use Z to cast anyway.)
Something hits you. Space warps horribly around you!!
Ouch! That really hurt!
You die...

.####.#.....
....>#......
.#####....#......
....<............
.................
................
..............#
...........##..
.##.#..@...# ..
#......# .. .
###...##
.....#.#.#. #...#
#.....÷.... ##
#...# #.)...#.#.#
... #...#
#..........
....#.))#
#......#.#.
....#...#
#..........
........#
#.......#.#


There were no monsters in sight!

Vanquished Creatures
  An adder (D:2)
  2 dart slugs (D:1)
  5 endoplasms (D:1)
  3 giant cockroaches
  4 goblins
  6 hobgoblins
  6 jackals
  6 ball pythons
  3 bats (D:1)
  5 frilled lizards
  8 kobolds
  3 rats
52 creatures vanquished.

Vanquished Creatures (others)
  2 plants (D:1)
2 creatures vanquished.

Grand Total: 54 creatures vanquished

Notes
Turn   | Place    | Note
-------+----------+-------------------------------------------
     0 | D:1      | Pin the Djinni Air Elementalist began the quest for the
                  | Orb.
     0 | D:1      | Reached XP level 1. HP: 15/15 MP: 0/0
   192 | D:1      | Reached XP level 2. HP: 14/22 MP: 0/0
   314 | D:1      | Reached skill level 1 in Fighting
   643 | D:1      | Reached XP level 3. HP: 15/27 MP: 0/0
   643 | D:1      | Learned a level 1 spell: Magic Dart
  1164 | D:1      | Reached skill level 3 in Spellcasting
  1585 | D:2      | Reached XP level 4. HP: 21/33 MP: 0/0
  2013 | D:2      | Noticed Sigmund
  2037 | D:2      | Slain by Sigmund

Illustrated notes

Levels and vault maps discovered:
D:1:      dpeg_arrival_morbid_curiosity, layout_basic, serial_bayou_pond_b,
          minmay_vboxes
D:2:      layout_basic, nicolae_ecumenical_snake_handling,
          minmay_misc_feat_secret_circle, nrook_mini_backslash,
          kennysheep_nondescript, hex_medium, uniq_sigmund

Skill      XL: |  1  2  3 |
---------------+----------+-----
Fighting       | 1 2 |  2.4
Spellcasting   | 3 |  3.1
Dodging        | |  2.4
Stealth        | |  1.5

Action                   |  1- 3 |  4- 6 || total
-------------------------+-------+-------++-------
 Cast: Shock             |    74 |    29 ||   103
       Static Discharge  |     1 |     2 ||     3
Armor: Robe              |     3 |     1 ||     4
Dodge: Dodged            |     5 |     4 ||     9

Table legend: (Time is in decaauts)
 A = Elapsed time spent in this place.
 B = Non-inter-level travel time spent in this place.
 C = Inter-level travel time spent in this place.
 D = Time resting spent in this place.
 E = Time spent auto-exploring this place.
 F = Levels seen in this place.
 G = Mean time per level.
                   A        B        C        D        E       F      G
               +--------+--------+--------+--------+--------+-----+--------+
         Total |   2036 |   2021 |     15 |      0 |   1830 |   2 | 1018.0 |
       Dungeon |   2036 |   2021 |     15 |      0 |   1830 |   2 | 1018.0 |
               +--------+--------+--------+--------+--------+-----+--------+

Top non-repeatable levels by time:
     D:1: 1570 daAuts
     D:2: 466 daAuts
